AoeStats
← Quetzal!

Arena

511058364Analyzed
2v2 RM · 5h ago on Oct 3, 2026· 38m 22s· 4 players
Game mode
Random Map
Map size
Medium (4 player)
Population
200
Speed
Normal
Resources
Standard
Victory
Conquest
Starting age
Dark Age
Ending age
Imperial Age
RankedLock teamsTeams togetherTeam positionsShared explorationLock speedFull tech treeHidden civsTurbo modeCheats
Victory
Defeat
🇪🇸 Turks · Spain
915
+13
🇲🇽 Armenians · Mexico
778
+19
🇩🇪 Wei · Germany
851
-16
🇫🇷 Khmer · France
838
-16
WyZeR
0:26 Loom
13:40 Feudal Age
14:15 Town Watch
17:01 Castle Age
15:16 Horse Collar
15:30 Stone Mining
15:28 Double-Bit Axe
20:43 Wheelbarrow
21:28 Town Patrol
23:27 Bow Saw
23:31 Crossbowman
24:38 Gold Mining
26:27 Gold Shaft Mining
27:17 Fletching
27:28 Padded Archer Armor
28:48 Hand Cart
28:42 Bodkin Arrow
31:05 Leather Archer Armor
33:29 Imperial Age
32:07 Leather Archer Armor
32:16 Ballistics
33:30 Arbalester
36:19 Bracer
36:50 Ring Archer Armor
haumti
10:23 Feudal Age
10:47 Horse Collar
10:54 Double-Bit Axe
12:31 Gold Mining
12:48 Loom
18:19 Castle Age
20:01 Wheelbarrow
19:28 Heavy Plow
19:45 Bow Saw
20:18 Gold Shaft Mining
22:37 Hand Cart
23:28 Stone Mining
24:31 Town Watch
32:55 Imperial Age
30:54 Husbandry
31:05 Bloodlines
31:30 Fervor
paingemBN
9:20 Feudal Age
7:36 Loom
15:16 Castle Age
13:56 Horse Collar
14:28 Double-Bit Axe
24:14 Imperial Age
22:47 Wheelbarrow
24:39 Bow Saw
26:34 Gold Mining
28:58 Gold Shaft Mining
34:23 Thumb Ring
Quetzal!
0:47 Loom
9:51 Feudal Age
10:30 Double-Bit Axe
10:36 Gold Mining
11:17 Horse Collar
12:33 Wheelbarrow
19:36 Castle Age
18:04 Town Watch
19:53 Stone Mining
21:31 Squires
21:46 Town Patrol
23:00 Bow Saw
24:03 Fervor
24:25 Hand Cart
24:19 Heavy Plow
26:14 Forging
27:55 Caravan
29:19 Gold Shaft Mining
28:57 Fletching
31:40 Imperial Age
29:15 Padded Archer Armor
30:42 Pikeman
31:08 Gambesons
31:09 Arson
31:40 Bodkin Arrow
32:01 Leather Archer Armor
33:24 Ballistics
34:05 Chemistry
33:02 Murder Holes
33:53 Elite Skirmisher
36:15 Iron Casting
35:41 Scale Mail Armor
36:12 Ring Archer Armor
35:06 Elite Composite Bowman
36:08 Conscription
Connection lost

Rejoining the realm…

Still unreachable

The connection could not be restored.

Session expired

The server has moved on; the page needs a fresh start.